 Dungeon Crawl Stone Soup version 0.31-a0-1603-gbec6b6ccbf (webtiles) character file.

Game seed: 10451660764281370704

13460 wildpjah the Grappler (level 12, -3/138 HPs)
             Began as a Gnoll Shapeshifter on Jan 7, 2024.
             Was an Elder of Dithmenos.
             Slain by a wolf spider simulacrum (8 damage)
             ... on level 12 of the Dungeon.
             The game lasted 00:34:35 (10920 turns).

wildpjah the Grappler (Gnoll Shapeshifter)         Turns: 10920, Time: 00:34:36

Health: -3/138     AC: 26    Str: 18    XL:     12   Next: 6%
Magic:  0/22       EV:  2    Int: 10    God:    Dithmenos [****..]
Gold:   1285       SH:  5    Dex: 12    Spells: 24/25 levels left

rFire   + . .        F - +0 hand axe (vamp)
rCold   + . .        T - +0 buckler
rNeg    . . .        I - melded +3 scale mail {Will+}
rPois   +            r - melded +0 helmet
rElec   +            a - melded +2 cloak {Stlth+}
rCorr   +            (gloves currently unavailable)
SInv    .            v - melded +0 pair of boots
Will    .....        i - amulet of guardian spirit
Stlth   +++++        G - +5 ring of evasion
HPRegen 0.43/turn    e - +4 ring of slaying
MPRegen 0.18/turn

%: guardian spirit
@: tree-form, resistant, wreathed by umbra
A: stationary, stasis, torment immunity, boosted hp, (fangs 1), strong nose,
distributed training
a: Renounce Religion, Shadow Step


You were on level 12 of the Dungeon.
You worshipped Dithmenos.
Dithmenos was greatly pleased with you.
You were a tree.
You visited 1 branch of the dungeon, and saw 12 of its levels.

You collected 1467 gold pieces.
You spent 182 gold pieces at shops.

Inventory:

Hand Weapons
 k - a +3 great sword
 A - a +0 whip of freezing
 E - a +2 whip of pain
 F - a +0 vampiric hand axe (weapon)
 P - a +1 short sword of flaming
Missiles
 j - a throwing net
 o - 6 javelins
 H - 13 boomerangs
 Q - 47 poisoned darts
Armour
 a - a +2 cloak of stealth (melded)
 r - a +0 helmet (melded)
 v - a +0 pair of boots (melded)
 I - a +3 scale mail of willpower (melded)
 T - a +0 buckler (worn)
 W - a +1 plate armour of positive energy
 Y - +0 steam dragon scales
Magical Staves
 y - a staff of fire
Jewellery
 e - a +4 ring of slaying (right branch)
 i - an amulet of guardian spirit (around neck)
 w - a +6 ring of dexterity
 G - a +5 ring of evasion (left branch)
Talismans
 c - a beast talisman
 d - a flux talisman
 s - a flux talisman
 K - a blade talisman
Wands
 h - a wand of charming (12)
 l - a wand of mindburst (8) (quivered)
 S - a wand of flame (26)
Scrolls
 f - 3 scrolls of revelation
 g - a scroll of teleportation
 n - a scroll of fog
 p - 3 scrolls of enchant weapon
 q - a scroll of brand weapon
 x - a scroll of silence
 C - 2 scrolls of identify
 D - 3 scrolls of poison
 M - a scroll of immolation
 N - a scroll of vulnerability
 R - a scroll of fear
 U - 2 scrolls of blinking
 Z - 3 scrolls of butterflies
Potions
 u - 2 potions of might
 z - 3 potions of enlightenment
 B - a potion of magic
 J - 2 potions of resistance
 L - 2 potions of mutation {unknown}
 O - 2 potions of ambrosia {unknown}
 X - a potion of haste


   Skills:
 + Level 7.6 Fighting
 + Level 7.1 Short Blades
 + Level 7.1 Long Blades
 + Level 7.1 Axes
 + Level 7.1 Maces & Flails
 + Level 7.1 Polearms
 + Level 7.1 Staves
 + Level 7.1 Ranged Weapons
 + Level 7.1 Throwing
 + Level 7.1 Armour
 + Level 8.6 Dodging
 + Level 7.1 Stealth
 + Level 7.1 Shields
 + Level 9.8 Unarmed Combat
 + Level 7.1 Spellcasting
 + Level 5.9 Conjurations
 + Level 5.9 Hexes
 + Level 5.9 Summonings
 + Level 5.9 Necromancy
 + Level 5.9 Translocations
 + Level 5.9 Fire Magic
 + Level 5.9 Ice Magic
 + Level 5.9 Air Magic
 + Level 5.9 Earth Magic
 + Level 5.9 Alchemy
 + Level 7.8 Invocations
 + Level 7.1 Evocations
 + Level 9.3 Shapeshifting


You had 24 spell levels left.
You knew the following spells:

 Your Spells              Type           Power      Damage    Failure   Level
a - Sandblast             Erth           30%        2d9       1%          1

Your spell library contained the following spells:

 Spells                   Type           Power      Damage    Failure   Level
 Shock                    Conj/Air       60%        1d6       1%          1
 Cigotuvi's Dreadful Rot  Necr/Alch/Air  30%        N/A       3%          2
 Call Canine Familiar     Summ           15%        N/A       6%          3
 Passwall                 Erth           15%        N/A       6%          3
 Sigil of Binding         Hex            15%        N/A       6%          3
 Stone Arrow              Conj/Erth      30%        3d8       6%          3
 Swiftness                Air            15%        N/A       6%          3
 Airstrike                Air            7%         2d(2-18)  19%         4
 Animate Dead             Necr           15%        N/A       19%         4
 Brom's Barrelling Bould  Conj/Erth      15%        2d4       19%         4
 Dimensional Bullseye     Hex/Tloc       7%         N/A       19%         4
 Ignite Poison            Fire/Alch      15%        N/A       19%         4
 Borgnjor's Vile Clutch   Necr/Erth      7%         N/A       47%         5
 Freezing Cloud           Conj/Ice/Air   7%         6-21      47%         5
 Death Channel            Necr           7%         N/A       96%         6


Dungeon Overview and Level Annotations

Branches:
Dungeon (12/15)            Temple (0/1) D:6            Lair (0/5) D:10
    Orc (0/2) D:10

Altars:
Dithmenos
Fedhas
Makhleb
Nemelex Xobeh
Okawaru
Qazlal
Ru
Sif Muna
Uskayaw

Shops:
D:2 [   D:5 (   D:8 (

Annotations:
D:8 Amaemon


Innate Abilities, Weirdness & Mutations

You are a tree.
Your roots penetrate the ground, keeping you stationary.
You cannot be teleported.
You are immune to unholy pain and torment.
Your maximum health is greatly increased.
Your equipment is partially melded.
((You have very sharp teeth.))
Your uncanny sense of smell can sniff out nearby items.
Your experience applies equally to all skills.


Message History

Items here: )) [ ÷ †.
There is a stone staircase leading down, spattered with blood here.
You climb downwards.
You feel a wave of frost pass over you.
There is an entrance to an ice cave on this level.
Hurry and find it before the portal melts!
You block the wolf spider simulacrum's attack. x2
The kobold throws a stone.
The stone misses you.
The wolf spider simulacrum hits you but does no damage.
The wolf spider simulacrum bites you.
The wolf spider simulacrum freezes you!!
There is a stone staircase leading up, spattered with blood here.
You hit the wolf spider simulacrum.
The wolf spider simulacrum is moderately damaged.
The wolf spider simulacrum hits you. The wolf spider simulacrum freezes you!
The wolf spider simulacrum bites you.
The wolf spider simulacrum freezes you!!
Unknown command.
You hit the wolf spider simulacrum.
The wolf spider simulacrum is moderately damaged.
You block the wolf spider simulacrum's attack. x2
The wolf spider simulacrum hits you!
* * * LOW HITPOINT WARNING * * *
The wolf spider simulacrum freezes you!!
* * * LOW HITPOINT WARNING * * *
The wolf spider simulacrum misses you.
You feel protected.
The kobold throws a stone.
You block the stone.
The wolf spider simulacrum closely misses you.
The wolf spider simulacrum misses you.
Okay, then.
You turn into a tree.
Your +2 cloak of stealth melds into your body.
Your +0 helmet melds into your body.
Your +0 pair of boots melds into your body.
Your +3 scale mail of willpower melds into your body.
You feel less stealthy.
You feel less strong-willed.
Your roots penetrate the ground.
The wolf spider simulacrum hits you.
* * * LOW HITPOINT WARNING * * *
The wolf spider simulacrum freezes you! You resist.
You die...

## .. ∆ .###
... # .. #.#
. #. ..#
....##.##..#
......Z♣..#
........)#.#
.....8...#
.......K.#
.........#
.........# ∆
.........#
......!#.#


You could see a wolf spider simulacrum and a kobold.

Vanquished Creatures
  4 two-headed ogres
  Pikel (D:5)
  A manticore (D:12)
  2 cyclopes
  2 komodo dragons
  A kobold demonologist (D:11)
  5 trolls
  A hornet (D:10)
  A shadow (D:9)
  2 vampires
  2 wraiths
  13 yaks
  2 steam dragons
  Edmund (D:4)
  Menkaure (D:7)
  An acid dragon (D:10)
  3 orc warriors
  3 black bears (D:6)
  3 sky beasts
  An ice beast (D:11)
  3 centaurs (D:9)
  3 wolves (D:12)
  4 ogres
  4 phantoms
  A lemure (D:5)
  6 kobold brigands
  3 bullfrogs
  A gnoll sergeant (D:10)
  2 scorpions
  4 wights (D:8)
  3 howler monkeys
  2 bombardier beetles
  4 jellies
  Crazy Yiuf (D:7)
  4 orc priests
  5 hounds
  12 orc wizards
  6 iguanas
  7 adders
  9 gnolls
  5 white imps
  2 ufetubi (D:7)
  4 dart slugs
  49 orcs
  9 ball pythons
  6 endoplasms
  2 giant cockroaches
  3 goblins
  3 hobgoblins
  20 kobolds
  6 quokkas
  6 bats
  3 frilled lizards
  4 rats (D:1)
256 creatures vanquished.

Notes
Turn   | Place    | Note
-------+----------+-------------------------------------------
     0 | D:1      | wildpjah the Gnoll Shapeshifter began the quest for the
                  | Orb.
     0 | D:1      | Reached XP level 1. HP: 17/17 MP: 1/1
    98 | D:1      | Reached XP level 2. HP: 23/23 MP: 2/2
   556 | D:1      | Reached XP level 3. HP: 26/28 MP: 1/3
   688 | D:2      | Reached skill level 1 in Invocations
   700 | D:2      | Reached skill level 1 in Short Blades
   700 | D:2      | Reached skill level 1 in Long Blades
   700 | D:2      | Reached skill level 1 in Axes
   700 | D:2      | Reached skill level 1 in Maces & Flails
   700 | D:2      | Reached skill level 1 in Polearms
   700 | D:2      | Reached skill level 1 in Staves
   700 | D:2      | Reached skill level 1 in Ranged Weapons
   700 | D:2      | Reached skill level 1 in Throwing
   700 | D:2      | Reached skill level 1 in Armour
   700 | D:2      | Reached skill level 1 in Stealth
   700 | D:2      | Reached skill level 1 in Shields
   700 | D:2      | Reached skill level 1 in Spellcasting
   700 | D:2      | Reached skill level 1 in Evocations
   774 | D:2      | Reached XP level 4. HP: 34/34 MP: 5/5
   866 | D:2      | Found Taewair's Antique Armour Shop.
  1312 | D:3      | Reached skill level 1 in Conjurations
  1312 | D:3      | Reached skill level 1 in Hexes
  1312 | D:3      | Reached skill level 1 in Summonings
  1312 | D:3      | Reached skill level 1 in Necromancy
  1312 | D:3      | Reached skill level 1 in Translocations
  1312 | D:3      | Reached skill level 1 in Fire Magic
  1312 | D:3      | Reached skill level 1 in Ice Magic
  1312 | D:3      | Reached skill level 1 in Air Magic
  1312 | D:3      | Reached skill level 1 in Earth Magic
  1312 | D:3      | Reached skill level 1 in Alchemy
  1415 | D:3      | Found a burning altar of Makhleb.
  1521 | D:3      | Found a sparkling altar of Nemelex Xobeh.
  1739 | D:4      | Noticed an ogre
  1742 | D:4      | Noticed a scorpion
  1754 | D:3      | Killed an ogre
  1755 | D:3      | Reached XP level 5. HP: 20/41 MP: 2/7
  1853 | D:4      | Reached XP level 6. HP: 45/47 MP: 8/8
  1892 | D:4      | Found a hide-covered altar of Uskayaw.
  1947 | D:4      | Found a shadowy altar of Dithmenos.
  1954 | D:4      | Reached skill level 5 in Dodging
  2167 | D:4      | Reached XP level 7. HP: 39/52 MP: 6/10
  2244 | D:4      | Noticed Edmund
  2279 | D:4      | Killed Edmund
  2600 | D:4      | Found a shimmering blue altar of Sif Muna.
  2696 | D:4      | Became a worshipper of Dithmenos the Shadowed
  2950 | D:5      | Entered Level 5 of the Dungeon
  3222 | D:5      | Reached XP level 8. HP: 56/60 MP: 10/12
  3248 | D:5      | Learned a level 1 spell: Sandblast
  3342 | D:5      | Found Daun's Antique Weapon Boutique.
  3460 | D:5      | Reached * piety under Dithmenos
  3472 | D:5      | Noticed Pikel
  3486 | D:5      | Killed Pikel
  3674 | D:2      | Bought a glowing scale mail for 182 gold pieces
  4173 | D:5      | Found a stormy altar of Qazlal.
  4175 | D:5      | Found a blossoming altar of Fedhas.
  4557 | D:6      | Reached XP level 9. HP: 66/66 MP: 11/14
  4755 | D:6      | Found a staircase to the Ecumenical Temple.
  4917 | D:6      | Reached skill level 5 in Fighting
  5387 | D:7      | Reached skill level 5 in Invocations
  5593 | D:7      | Reached ** piety under Dithmenos
  5972 | D:7      | Found a runed translucent door.
  5976 | D:7      | Noticed Crazy Yiuf
  5982 | D:7      | Killed Crazy Yiuf
  6052 | D:7      | Noticed Menkaure
  6074 | D:7      | Killed Menkaure
  6508 | D:8      | Reached skill level 5 in Short Blades
  6508 | D:8      | Reached skill level 5 in Long Blades
  6508 | D:8      | Reached skill level 5 in Axes
  6508 | D:8      | Reached skill level 5 in Maces & Flails
  6508 | D:8      | Reached skill level 5 in Polearms
  6508 | D:8      | Reached skill level 5 in Staves
  6508 | D:8      | Reached skill level 5 in Ranged Weapons
  6508 | D:8      | Reached skill level 5 in Throwing
  6508 | D:8      | Reached skill level 5 in Armour
  6508 | D:8      | Reached skill level 5 in Stealth
  6508 | D:8      | Reached skill level 5 in Shields
  6508 | D:8      | Reached skill level 5 in Spellcasting
  6508 | D:8      | Reached skill level 5 in Evocations
  6508 | D:8      | Reached XP level 10. HP: 50/75 MP: 11/17
  6835 | D:8      | Noticed a cyclops
  6860 | D:8      | Killed a cyclops
  6860 | D:8      | Reached *** piety under Dithmenos
  7048 | D:8      | Found Cyong's Weapon Shop.
  7380 | D:9      | Noticed an orange demon
  7382 | D:9      | Noticed Amaemon
  7394 | D:8      | HP: 3/76 [poisoned by Amaemon]
  7715 | D:9      | Found an iron altar of Okawaru.
  8146 | D:9      | Noticed a two-headed ogre
  8158 | D:9      | Killed a two-headed ogre
  8206 | D:9      | Noticed a two-headed ogre
  8221 | D:9      | Killed a two-headed ogre
  8304 | D:9      | Reached skill level 5 in Conjurations
  8304 | D:9      | Reached skill level 5 in Hexes
  8304 | D:9      | Reached skill level 5 in Summonings
  8304 | D:9      | Reached skill level 5 in Necromancy
  8304 | D:9      | Reached skill level 5 in Translocations
  8304 | D:9      | Reached skill level 5 in Fire Magic
  8304 | D:9      | Reached skill level 5 in Ice Magic
  8304 | D:9      | Reached skill level 5 in Air Magic
  8304 | D:9      | Reached skill level 5 in Earth Magic
  8304 | D:9      | Reached skill level 5 in Alchemy
  8304 | D:9      | Reached XP level 11. HP: 70/83 MP: 14/20
  8627 | D:10     | Entered Level 10 of the Dungeon
  8628 | D:10     | Found a sacrificial altar of Ru.
  9253 | D:10     | Identified a scroll of acquirement
  9253 | D:10     | Acquired 759 gold pieces
  9408 | D:10     | Found a staircase to the Orcish Mines.
  9625 | D:10     | Found a staircase to the Lair.
 10247 | D:11     | Noticed a two-headed ogre
 10258 | D:11     | Killed a two-headed ogre
 10311 | D:11     | Noticed a cyclops
 10315 | D:11     | Killed a cyclops
 10315 | D:11     | Reached **** piety under Dithmenos
 10337 | D:11     | Noticed a two-headed ogre
 10348 | D:11     | Killed a two-headed ogre
 10572 | D:12     | Noticed a manticore
 10593 | D:12     | Killed a manticore
 10603 | D:11     | Reached XP level 12. HP: 16/91 MP: 2/22
 10620 | D:11     | HP: 2/91 [vampire/vampiric draining (10)]
 10642 | D:11     | HP: 2/204 [something (15)]
 10918 | D:12     | HP: 4/92 [wolf spider simulacrum (21)]
 10920 | D:12     | Slain by a wolf spider simulacrum

Illustrated notes

Levels and vault maps discovered:
D:1:      amcnicky_arrival_blooded_trapdoor, layout_loops_ring,
          minmay_misc_feat_more_columns
D:2:      layout_loops_ring, serial_shops, nicolae_shop_hallway_plus,
          minmay_pentomino_x4
D:3:      layout_rooms, mainiacjoe_overflow_tiny_flanked,
          nemelex_diamond_rough_becter
D:4:      layout_basic, marbit_many_paths, nicolae_uskayaw_suspiria,
          grunt_dithmenos_smoke, minmay_strange_pillars, uniq_edmund
D:5:      layout_layer_cave, grunt_temple_overflow_forces_of_nature,
          serial_shops, shop, uniq_pikel
D:6:      layout_loops_cross, minmay_temple_entry_ruins, kennysheep_path_1,
          kennysheep_generic_room_9
D:7:      layout_basic, amcnicky_mini_corridor_feature, uniq_menkaure,
          uniq_crazy_yiuf_cottage
D:8:      layout_loops_ring, serial_shops, nicolae_square_shop
D:9:      cheibrodos_barr_body, layout_irregular_city,
          mainiacjoe_overflow_24_doors, uniq_amaemon
D:10:     layout_basic, nicolae_ru_awakened_eye, david_lair_shrubbed
D:11:     layout_basic
D:12:     layout_loops_cross, serial_ice, serial_ice_b, serial_ice_i,
          serial_ice_g, serial_ice_o, portal_ice_cave_entry_animals_and_master,
          kennysheep_generic_room_14

Skill      XL: |  1  2  3  4  5  6  7  8  9 10 11 |
---------------+----------------------------------+-----
Invocations    | 1 2 3 4 5 6 7 |  7.8
Short Blades   | 1 2 3 5 6 7 |  7.1
Long Blades    | 1 2 3 5 6 7 |  7.1
Axes           | 1 2 3 5 6 7 |  7.1
Maces & Flails | 1 2 3 5 6 7 |  7.1
Polearms       | 1 2 3 5 6 7 |  7.1
Staves         | 1 2 3 5 6 7 |  7.1
Ranged Weapons | 1 2 3 5 6 7 |  7.1
Throwing       | 1 2 3 5 6 7 |  7.1
Armour         | 1 2 3 5 6 7 |  7.1
Stealth        | 1 2 3 5 6 7 |  7.1
Shields        | 1 2 3 5 6 7 |  7.1
Spellcasting   | 1 2 3 5 6 7 |  7.1
Evocations     | 1 2 3 5 6 7 |  7.1
Conjurations   | 1 2 3 4 5 |  5.9
Hexes          | 1 2 3 4 5 |  5.9
Summonings     | 1 2 3 4 5 |  5.9
Necromancy     | 1 2 3 4 5 |  5.9
Translocations | 1 2 3 4 5 |  5.9
Fire Magic     | 1 2 3 4 5 |  5.9
Ice Magic      | 1 2 3 4 5 |  5.9
Air Magic      | 1 2 3 4 5 |  5.9
Earth Magic    | 1 2 3 4 5 |  5.9
Alchemy        | 1 2 3 4 5 |  5.9
Fighting       | 3 4 5 6 7 |  7.6
Dodging        | 5 6 7 8 |  8.6
Unarmed Combat | 7 8 9 |  9.8
Shapeshifting  | 7 8 9 |  9.3

Action                     |  1- 3 |  4- 6 |  7- 9 | 10-12 || total
---------------------------+-------+-------+-------+-------++-------
  Melee: Unarmed           |    43 |    83 |   130 |       ||   256
         Punch             |     4 |     1 |     4 |       ||     9
         Bite              |     1 |    11 |    44 |    86 ||   142
         Hand axe          |       |       |   201 |   295 ||   496
         Whip              |       |       |       |   227 ||   227
         Short sword       |       |       |       |    21 ||    21
  Throw: Javelin           |       |     3 |     7 |       ||    10
         Throwing net      |       |     1 |       |       ||     1
         Boomerang         |       |       |     2 |       ||     2
         Dart              |       |       |     1 |     1 ||     2
   Cast: Sandblast         |       |       |    17 |     8 ||    25
  Evoke: Wand              |       |       |       |     4 ||     4
    Use: Potion            |       |       |     2 |    12 ||    14
         Scroll            |       |       |    10 |    15 ||    25
   Stab: Sleeping          |       |     3 |       |     6 ||     9
         Distracted        |       |       |     1 |       ||     1
 Armour: Animal skin       |     6 |       |       |       ||     6
         Leather armour    |     9 |    16 |       |       ||    25
         Skin              |       |     8 |    28 |    13 ||    49
         Scale mail        |       |       |    92 |   359 ||   451
         Plate armour      |       |       |     2 |       ||     2
  Dodge: Dodged            |    18 |    52 |   236 |   534 ||   840
  Block: Buckler           |       |       |    17 |   155 ||   172
   Form: Flux              |       |     1 |       |       ||     1
         Beast             |       |       |     1 |       ||     1
                           |       |       |     1 |       ||     1

Table legend: (Time is in decaauts)
 A = Elapsed time spent in this place.
 B = Non-inter-level travel time spent in this place.
 C = Inter-level travel time spent in this place.
 D = Time resting spent in this place.
 E = Time spent auto-exploring this place.
 F = Levels seen in this place.
 G = Mean time per level.
                   A        B        C        D        E       F      G
               +--------+--------+--------+--------+--------+-----+--------+
         Total |  10898 |  10404 |    494 |    574 |   7683 |  12 |  908.2 |
       Dungeon |  10898 |  10404 |    494 |    574 |   7683 |  12 |  908.2 |
               +--------+--------+--------+--------+--------+-----+--------+

Top non-repeatable levels by time:
    D:10: 1450 daAuts
     D:8: 1279 daAuts
     D:5: 1254 daAuts
     D:4: 1143 daAuts
     D:7: 1090 daAuts
     D:9: 1035 daAuts
     D:6: 934 daAuts
    D:11: 773 daAuts
     D:1: 676 daAuts
     D:2: 665 daAuts
     D:3: 559 daAuts
    D:12: 36 daAuts
